TOP OF THE 1ST |
Louisiana Dragoons batting - Pitching for Mt. Vernon Bulls : RHP Jordan Calhoun
|
Pitching: RHP Jordan Calhoun
|
|
Batting: LHB Carlos Barrera
|
0-0: Ball 1-0: Fly out, F7 (Flyball, 78S)
|
Batting: RHB Toyoshige Ine
|
0-0: SINGLE (Groundball, 6D)
|
Batting: SHB Francisco Enríquez
|
0-0: Called Strike 0-1: Called Strike 0-2: Strikes out looking
|
Batting: LHB Javier Seco
|
0-0: Ball 1-0: Foul Ball, location: 2F 1-1: Ball 2-1: Ball 3-1: Foul Ball, location: 2F 3-2: Strikes out swinging
|
Top of the 1st over - 0 runs, 1 hit, 0 errors, 1 left on base; Louisiana 0 - Mt. Vernon 0 |
BOTTOM OF THE 1ST |
Mt. Vernon Bulls batting - Pitching for Louisiana Dragoons : RHP José Núñez
|
Pitching: RHP José Núñez
|
|
Batting: SHB Fergus Stidston
|
0-0: Ball 1-0: Foul Ball, location: 2F 1-1: Ball 2-1: Ball 3-1: Called Strike 3-2: Fly out, F8 (Flyball, 8LM)
|
Batting: RHB Kamakakoa Kaponianani
|
0-0: Ball 1-0: Ball 2-0: Ball 3-0: Base on Balls
|
Batting: LHB Tomás Muinos
|
0-0: Called Strike 0-1: Foul Ball, location: 2F 0-2: Ball Pickoff Throw to First - Error! E1 Kamakakoa Kaponianani to second 1-2: Ball 2-2: Fly out, F8 (Flyball, 8LM)
|
Batting: RHB Phil Gillespie
|
0-0: Ball 1-0: Called Strike 1-1: Ball 2-1: SINGLE (Line Drive, 56) Kamakakoa Kaponianani to third
|
Batting: LHB Abraham Koen
|
0-0: Fielders Choice at 2nd, 5-4 (Groundball, 56)
|
Bottom of the 1st over - 0 runs, 1 hit, 1 error, 2 left on base; Louisiana 0 - Mt. Vernon 0 |
TOP OF THE 2ND |
Louisiana Dragoons batting - Pitching for Mt. Vernon Bulls : RHP Jordan Calhoun
|
Batting: LHB Walt Trombly
|
0-0: Reached on error, E3 (Groundball, 34)
|
Batting: RHB Denny Moore
|
0-0: Ball 1-0: Called Strike 1-1: Ball 2-1: Ball 3-1: Foul Ball, location: 2F 3-2: SINGLE (Groundball, 56S) (infield hit) Walt Trombly to second
|
Batting: SHB Hong-bo Zhui
|
0-0: Called Strike 0-1: SINGLE (Groundball, 3D) Walt Trombly to third Denny Moore to second Runner from 3rd tries for Home, SAFE, no throw
|
Batting: LHB Alec Hall
|
0-0: Called Strike 0-1: Ball Wild Pitch! Denny Moore to third Hong-bo Zhui to second 1-1: Foul Ball, location: 2F 1-2: Ball 2-2: Ground out 1-3 (Groundball, 13S)
|
Batting: RHB Jaime Martínez
|
0-0: Ball 1-0: Ball 2-0: Called Strike 2-1: Ball 3-1: Base on Balls
|
Batting: LHB Carlos Barrera
|
0-0: Swinging Strike 0-1: Swinging Strike 0-2: Ball 1-2: Ball 2-2: Ball 3-2: Foul Ball, location: 2F 3-2: Ground out 6-3 (Groundball, 6S) Denny Moore scores Hong-bo Zhui to third Jaime Martínez to second
|
Batting: RHB Toyoshige Ine
|
0-0: Called Strike 0-1: Foul Ball, location: 2F 0-2: Strikes out looking
|
Top of the 2nd over - 2 runs, 2 hits, 1 error, 2 left on base; Louisiana 2 - Mt. Vernon 0 |
BOTTOM OF THE 2ND |
Mt. Vernon Bulls batting - Pitching for Louisiana Dragoons : RHP José Núñez
|
Batting: LHB Lou Downes
|
0-0: Ball 1-0: Called Strike 1-1: Called Strike 1-2: Foul Ball, location: 2F 1-2: Fly out, F8 (Flyball, 8LD)
|
Batting: SHB Dong-hua Jianbua
|
0-0: SINGLE (Line Drive, 89M)
|
Batting: RHB Hsin-ping Teoh
|
0-0: Ball Dong-hua Jianbua steals 2nd base 1-0: Ground out 5-3 (Groundball, 56S) Dong-hua Jianbua to third
|
Batting: RHB De-wei Mo
|
0-0: Ground out 6-3 (Groundball, 6D)
|
Bottom of the 2nd over - 0 runs, 1 hit, 0 errors, 1 left on base; Louisiana 2 - Mt. Vernon 0 |
TOP OF THE 3RD |
Louisiana Dragoons batting - Pitching for Mt. Vernon Bulls : RHP Jordan Calhoun
|
Batting: SHB Francisco Enríquez
|
0-0: Called Strike 0-1: Called Strike 0-2: Strikes out looking
|
Batting: LHB Javier Seco
|
0-0: Fly out, F7 (Flyball, 7S)
|
Batting: LHB Walt Trombly
|
0-0: Fly out, F8 (Flyball, 8RM)
|
Top of the 3rd over - 0 runs, 0 hits, 0 errors, 0 left on base; Louisiana 2 - Mt. Vernon 0 |
BOTTOM OF THE 3RD |
Mt. Vernon Bulls batting - Pitching for Louisiana Dragoons : RHP José Núñez
|
Batting: SHB Fergus Stidston
|
0-0: Called Strike 0-1: Fly out, F7 (Flyball, 7)
|
Batting: RHB Kamakakoa Kaponianani
|
0-0: Called Strike 0-1: Ball 1-1: Ball 2-1: DOUBLE (Line Drive, 89D)
|
Batting: LHB Tomás Muinos
|
0-0: Ball Kamakakoa Kaponianani steals 3rd base 1-0: Fly out, F8 (Flyball, 8LD) Runner from 3rd tags up, SCORES, throw made
|
Batting: RHB Phil Gillespie
|
0-0: Called Strike 0-1: Ball 1-1: Single, Error in OF, E7, batter to second base
|
Batting: LHB Abraham Koen
|
0-0: Ball 1-0: SINGLE (Groundball, 4MD) Phil Gillespie to third Runner from 3rd tries for Home, SAFE, no throw
|
Batting: LHB Lou Downes
|
0-0: Foul Ball, location: 2F 0-1: Ball 1-1: Swinging Strike 1-2: Ball 2-2: Ground out 4-3 (Groundball, 4M)
|
Bottom of the 3rd over - 2 runs, 3 hits, 1 error, 1 left on base; Louisiana 2 - Mt. Vernon 2 |
TOP OF THE 4TH |
Louisiana Dragoons batting - Pitching for Mt. Vernon Bulls : RHP Jordan Calhoun
|
Batting: RHB Denny Moore
|
0-0: SINGLE (Groundball, 6MD)
|
Batting: SHB Hong-bo Zhui
|
0-0: Ball 1-0: Foul Ball, location: 2F 1-1: Called Strike 1-2: Strikes out swinging
|
Batting: LHB Alec Hall
|
0-0: Ball 1-0: Called Strike 1-1: Foul Ball, location: 2F 1-2: Foul Ball, location: 2F 1-2: Strikes out swinging
|
Batting: RHB Jaime Martínez
|
0-0: Ball 1-0: Called Strike 1-1: Ball Denny Moore steals 2nd base 2-1: Ball 3-1: Fly out, F8 (Flyball, 8RS)
|
Top of the 4th over - 0 runs, 1 hit, 0 errors, 1 left on base; Louisiana 2 - Mt. Vernon 2 |
BOTTOM OF THE 4TH |
Mt. Vernon Bulls batting - Pitching for Louisiana Dragoons : RHP José Núñez
|
Batting: SHB Dong-hua Jianbua
|
0-0: Ball 1-0: Swinging Strike 1-1: Ball 2-1: Swinging Strike 2-2: Foul Ball, location: 2F 2-2: Foul Ball, location: 2F 2-2: Foul Ball, location: 2F 2-2: Ball 3-2: Base on Balls
|
Batting: RHB Hsin-ping Teoh
|
0-0: Fly out, F8 (Flyball, 8LD)
|
Batting: RHB De-wei Mo
|
0-0: Ball 1-0: Ball 2-0: Ball 3-0: Called Strike 3-1: Base on Balls Dong-hua Jianbua to second
|
Batting: SHB Fergus Stidston
|
0-0: Called Strike 0-1: Foul Ball, location: 2F 0-2: Ball 1-2: Ball 2-2: Ball 3-2: Fly out, F7 (Flyball, 7)
|
Batting: RHB Kamakakoa Kaponianani
|
0-0: Foul Ball, location: 2F 0-1: Ball 1-1: Ball 2-1: Hit by Pitch Dong-hua Jianbua to third De-wei Mo to second
|
Batting: LHB Tomás Muinos
|
0-0: Called Strike 0-1: Ball 1-1: Ball 2-1: Called Strike 2-2: Foul Ball, location: 2F 2-2: Foul Ball, location: 2F 2-2: Fly out, F7 (Flyball, 7LS)
|
Bottom of the 4th over - 0 runs, 0 hits, 0 errors, 3 left on base; Louisiana 2 - Mt. Vernon 2 |
TOP OF THE 5TH |
Louisiana Dragoons batting - Pitching for Mt. Vernon Bulls : RHP Jordan Calhoun
|
Batting: LHB Carlos Barrera
|
0-0: Swinging Strike 0-1: Ground out 4-3 (Groundball, 4M)
|
Batting: RHB Toyoshige Ine
|
0-0: Swinging Strike 0-1: Ball 1-1: Ball 2-1: Swinging Strike 2-2: Foul Ball, location: 2F 2-2: Foul Ball, location: 2F 2-2: Ground out 5-3 (Groundball, 56)
|
Batting: SHB Francisco Enríquez
|
0-0: Called Strike 0-1: Ball 1-1: Swinging Strike 1-2: Strikes out looking
|
Top of the 5th over - 0 runs, 0 hits, 0 errors, 0 left on base; Louisiana 2 - Mt. Vernon 2 |
BOTTOM OF THE 5TH |
Mt. Vernon Bulls batting - Pitching for Louisiana Dragoons : RHP José Núñez
|
Batting: RHB Phil Gillespie
|
0-0: Foul Ball, location: 2F 0-1: Ball 1-1: Ball 2-1: Swinging Strike 2-2: Strikes out swinging
|
Batting: LHB Abraham Koen
|
0-0: Ball 1-0: Foul Ball, location: 2F 1-1: Swinging Strike 1-2: Ball 2-2: Ball 3-2: Ground out 4-3 (Groundball, 4S)
|
Pitching: LHP Martin Alatas
|
|
Batting: LHB Lou Downes
|
0-0: Ball 1-0: Called Strike 1-1: DOUBLE (Flyball, 89D)
|
Batting: SHB Dong-hua Jianbua
|
0-0: Swinging Strike 0-1: Ball 1-1: Ball 2-1: Ball 3-1: Foul Ball, location: 2F 3-2: Base on Balls
|
Batting: RHB Hsin-ping Teoh
|
0-0: Called Strike 0-1: Ball 1-1: Called Strike 1-2: Foul Ball, location: 2F 1-2: Ball 2-2: Strikes out looking
|
Bottom of the 5th over - 0 runs, 1 hit, 0 errors, 2 left on base; Louisiana 2 - Mt. Vernon 2 |
TOP OF THE 6TH |
Louisiana Dragoons batting - Pitching for Mt. Vernon Bulls : RHP Jordan Calhoun
|
Batting: LHB Javier Seco
|
0-0: Ball 1-0: Ball 2-0: Ball 3-0: Base on Balls
|
Batting: LHB Walt Trombly
|
0-0: Called Strike 0-1: Ball 1-1: Ball 2-1: Ground out 4-3 (Groundball, 34) Javier Seco to second
|
Batting: RHB Denny Moore
|
0-0: Called Strike 0-1: Foul Ball, location: 2F 0-2: Foul Ball, location: 2F 0-2: SINGLE (Line Drive, 78S) Javier Seco to third
|
Batting: SHB Hong-bo Zhui
|
0-0: Called Strike Throwing error on steal attempt, E2 Javier Seco scores Denny Moore to third 0-1: Fly out, F8 (Flyball, 8LS) Runner from 3rd tags up, SCORES, no throw
|
Batting: LHB Alec Hall
|
0-0: Foul Ball, location: 2F 0-1: Swinging Strike 0-2: Foul Ball, location: 2F 0-2: Ball 1-2: Foul Ball, location: 2F 1-2: Ball 2-2: DOUBLE (Line Drive, 89D)
|
Batting: RHB Jaime Martínez
|
0-0: Called Strike 0-1: Swinging Strike 0-2: Ball 1-2: Strikes out swinging
|
Top of the 6th over - 2 runs, 2 hits, 1 error, 1 left on base; Louisiana 4 - Mt. Vernon 2 |
BOTTOM OF THE 6TH |
Mt. Vernon Bulls batting - Pitching for Louisiana Dragoons : LHP Martin Alatas
|
Batting: RHB De-wei Mo
|
0-0: Ground out 6-3 (Groundball, 6)
|
Batting: SHB Fergus Stidston
|
0-0: Ball 1-0: Ball 2-0: Ball 3-0: Base on Balls
|
Batting: RHB Kamakakoa Kaponianani
|
0-0: Swinging Strike 0-1: Ball 1-1: Foul Ball, location: 2F 1-2: Fly out, F8 (Flyball, 8RD)
|
Batting: LHB Tomás Muinos
|
0-0: Foul Ball, location: 2F 0-1: Ball 1-1: Ball 2-1: Foul Ball, location: 2F 2-2: Ball 3-2: Base on Balls Fergus Stidston to second
|
Batting: RHB Phil Gillespie
|
0-0: Ball 1-0: Ball 2-0: Called Strike 2-1: Ground out 6-3 (Groundball, 6M)
|
Bottom of the 6th over - 0 runs, 0 hits, 0 errors, 2 left on base; Louisiana 4 - Mt. Vernon 2 |
TOP OF THE 7TH |
Louisiana Dragoons batting - Pitching for Mt. Vernon Bulls : RHP Jordan Calhoun
|
Batting: LHB Carlos Barrera
|
0-0: Foul Ball, location: 2F 0-1: TRIPLE (Line Drive, 89XD)
|
Batting: RHB Toyoshige Ine
|
0-0: Ball 1-0: Called Strike 1-1: Ground out 1-3 (Groundball, P)
|
Batting: SHB Francisco Enríquez
|
0-0: Ball 1-0: Ball 2-0: Foul Ball, location: 2F 2-1: Called Strike 2-2: Foul Ball, location: 2F 2-2: Foul Ball, location: 2F 2-2: Foul Ball, location: 2F 2-2: Fly out, F8 (Flyball, 89D) Runner from 3rd tags up, SCORES, throw made
|
Batting: LHB Javier Seco
|
0-0: Called Strike 0-1: Called Strike 0-2: Foul Ball, location: 2F 0-2: Ball 1-2: Ball 2-2: Reached on error, E3 (Groundball, 34)
|
Pitching: RHP Wilson López
|
|
Batting: LHB Walt Trombly
|
0-0: Foul Ball, location: 2F 0-1: Ground out 4-3 (Groundball, 4S)
|
Top of the 7th over - 1 run, 1 hit, 1 error, 1 left on base; Louisiana 5 - Mt. Vernon 2 |
BOTTOM OF THE 7TH |
Mt. Vernon Bulls batting - Pitching for Louisiana Dragoons : LHP Martin Alatas
|
Batting: LHB Abraham Koen
|
0-0: Fly out, F9 (Flyball, 9LD)
|
Batting: LHB Lou Downes
|
0-0: Ball 1-0: Called Strike 1-1: Swinging Strike 1-2: Ball 2-2: Ball 3-2: Strikes out swinging
|
Batting: SHB Dong-hua Jianbua
|
0-0: Ball 1-0: Foul Ball, location: 2F 1-1: Ball 2-1: Ball 3-1: Base on Balls
|
Batting: RHB Hsin-ping Teoh
|
0-0: Called Strike 0-1: Ball 1-1: Ball 2-1: Called Strike 2-2: Ball 3-2: DOUBLE (Line Drive, 8LD) Dong-hua Jianbua to third Dong-hua Jianbua scores
|
Batting: RHB De-wei Mo
|
0-0: Called Strike 0-1: Ball 1-1: Ball 2-1: Called Strike 2-2: Ball 3-2: Foul Ball, location: 2F 3-2: Strikes out swinging
|
Bottom of the 7th over - 1 run, 1 hit, 0 errors, 1 left on base; Louisiana 5 - Mt. Vernon 3 |
TOP OF THE 8TH |
Louisiana Dragoons batting - Pitching for Mt. Vernon Bulls : RHP Wilson López
|
Batting: RHB Denny Moore
|
0-0: Foul Ball, location: 2F 0-1: Ball 1-1: Foul Ball, location: 2F 1-2: Foul Ball, location: 2F 1-2: Ball 2-2: Strikes out swinging
|
Batting: SHB Hong-bo Zhui
|
0-0: Ball 1-0: Ground out U3 (Groundball, 3S)
|
Batting: LHB Alec Hall
|
0-0: Fly out, F9 (Flyball, 9D)
|
Top of the 8th over - 0 runs, 0 hits, 0 errors, 0 left on base; Louisiana 5 - Mt. Vernon 3 |
BOTTOM OF THE 8TH |
Mt. Vernon Bulls batting - Pitching for Louisiana Dragoons : LHP Martin Alatas
|
Batting: SHB Fergus Stidston
|
0-0: Foul Ball, location: 2F 0-1: Ground out 6-3 (Groundball, 6)
|
Batting: RHB Kamakakoa Kaponianani
|
0-0: Swinging Strike 0-1: Swinging Strike 0-2: Ball 1-2: Ball 2-2: Foul Ball, location: 2F 2-2: Ball 3-2: Base on Balls
|
Batting: LHB Tomás Muinos
|
0-0: Ball 1-0: Called Strike 1-1: Called Strike 1-2: Foul Ball, location: 2F 1-2: SINGLE (Groundball, 3) (infield hit) Kamakakoa Kaponianani to second
|
Pitching: LHP Elliot Rickard
|
|
Batting: RHB Phil Gillespie
|
0-0: Ball 1-0: SINGLE (Groundball, 56D) Kamakakoa Kaponianani to third Tomás Muinos to second Runner from 3rd tries for Home, SAFE, no throw
|
Pinch Runner at 2nd Iván Soto:
|
|
Batting: LHB Abraham Koen
|
0-0: Swinging Strike 0-1: Fly out, F4 (Line Drive, 4)
|
Pinch Hitting: RHB Doug Day
|
0-0: Ground out 1-3 (Groundball, P)
|
Bottom of the 8th over - 1 run, 2 hits, 0 errors, 2 left on base; Louisiana 5 - Mt. Vernon 4 |
TOP OF THE 9TH |
Louisiana Dragoons batting - Pitching for Mt. Vernon Bulls : RHP Wilson López
|
Pitching: RHP Okura Tenno
|
|
Now at 1B: Doug Day
|
|
Now at SS: Iván Soto
|
|
Batting: RHB Jaime Martínez
|
0-0: Ground out 4-3 (Groundball, 4)
|
Batting: LHB Carlos Barrera
|
0-0: Ball 1-0: Ball 2-0: Fly out, F9 (Line Drive, 9)
|
Batting: RHB Toyoshige Ine
|
0-0: Ball 1-0: Ball 2-0: Fly out, F5 (Line Drive, 56)
|
Top of the 9th over - 0 runs, 0 hits, 0 errors, 0 left on base; Louisiana 5 - Mt. Vernon 4 |
BOTTOM OF THE 9TH |
Mt. Vernon Bulls batting - Pitching for Louisiana Dragoons : LHP Elliot Rickard
|
Pitching: RHP Edmond McCord
|
|
Batting: SHB Dong-hua Jianbua
|
0-0: Ball 1-0: Ball 2-0: Called Strike 2-1: Ground out 5-3 (Groundball, 5)
|
Pinch Hitting: RHB Tony Cardenas
|
0-0: Ball 1-0: Ball 2-0: Swinging Strike 2-1: Foul Ball, location: 2F 2-2: Foul Ball, location: 2F 2-2: Strikes out swinging, 2-3 out at first.
|
Pinch Hitting: SHB Zak Martin
|
0-0: Foul Ball, location: 2F 0-1: SINGLE (Flyball, 7S)
|
Batting: SHB Fergus Stidston
|
0-0: Ball 1-0: Ball 2-0: Foul Ball, location: 2F 2-1: DOUBLE (Line Drive, 89D) Zak Martin to third Runner from 3rd tries for Home, SAFE, no throw
|
Batting: RHB Kamakakoa Kaponianani
|
0-0: Foul Ball, location: 2F 0-1: Ball 1-1: Swinging Strike 1-2: Ground out 6-3 (Groundball, 6)
|
Bottom of the 9th over - 1 run, 2 hits, 0 errors, 1 left on base; Louisiana 5 - Mt. Vernon 5 |
TOP OF THE 10TH |
Louisiana Dragoons batting - Pitching for Mt. Vernon Bulls : RHP Okura Tenno
|
Now in LF: Modesto González
|
|
Now in RF: Enrique Martínez
|
|
Batting: SHB Francisco Enríquez
|
0-0: Ball 1-0: Called Strike 1-1: Ball 2-1: Ball 3-1: SINGLE (Flyball, 7S)
|
Batting: LHB Javier Seco
|
0-0: Swinging Strike 0-1: Ball 1-1: Foul Ball, location: 2F 1-2: Strikes out swinging
|
Batting: LHB Walt Trombly
|
0-0: Called Strike 0-1: Foul Ball, location: 2F 0-2: Ground out 4-3 (Groundball, 4MS) Francisco Enríquez to second
|
Batting: RHB Denny Moore
|
0-0: Foul Ball, location: 2F 0-1: Ball 1-1: Swinging Strike 1-2: Foul Ball, location: 2F 1-2: Strikes out swinging
|
Top of the 10th over - 0 runs, 1 hit, 0 errors, 1 left on base; Louisiana 5 - Mt. Vernon 5 |
BOTTOM OF THE 10TH |
Mt. Vernon Bulls batting - Pitching for Louisiana Dragoons : RHP Edmond McCord
|
Batting: LHB Iván Soto
|
0-0: Called Strike 0-1: Called Strike 0-2: Ground out 5-3 (Groundball, 56)
|
Batting: RHB Phil Gillespie
|
0-0: Ball 1-0: Ball 2-0: Called Strike 2-1: DOUBLE (Line Drive, 7LD)
|
Batting: LHB Abraham Koen
|
0-0: Intentional Walk
|
Pinch Runner at 2nd Anastasio Deleón:
|
|
Batting: RHB Doug Day
|
0-0: Ball 1-0: Foul Ball, location: 2F 1-1: Foul Ball, location: 2F 1-2: Strikes out swinging
|
Batting: SHB Dong-hua Jianbua
|
0-0: Ball 1-0: Fly out, F9 (Flyball, 89D)
|
Bottom of the 10th over - 0 runs, 1 hit, 0 errors, 2 left on base; Louisiana 5 - Mt. Vernon 5 |
TOP OF THE 11TH |
Louisiana Dragoons batting - Pitching for Mt. Vernon Bulls : RHP Okura Tenno
|
Pitching: RHP Rafael Santiago
|
|
Batting: SHB Hong-bo Zhui
|
0-0: Ball 1-0: Ball 2-0: DOUBLE (Line Drive, 9D)
|
Batting: LHB Alec Hall
|
0-0: Intentional Walk
|
Pinch Hitting: RHB Richello Oliva
|
0-0: Grounds into double play, 6-4-3 (Groundball, 6) Hong-bo Zhui to third
|
Batting: LHB Carlos Barrera
|
0-0: Fly out, F7 (Line Drive, 7)
|
Top of the 11th over - 0 runs, 1 hit, 0 errors, 1 left on base; Louisiana 5 - Mt. Vernon 5 |
BOTTOM OF THE 11TH |
Mt. Vernon Bulls batting - Pitching for Louisiana Dragoons : RHP Edmond McCord
|
Pitching: RHP Paul Garrison
|
|
Now at C: Brian Carr
|
|
Batting: RHB Modesto González
|
0-0: Called Strike 0-1: Reached on error, E6 (Groundball, 6)
|
Batting: RHB Enrique Martínez
|
0-0: Bunt missed! 0-1: Bunted foul 0-2: Grounds into double play, 4-6-3 (Groundball, 4)
|
Batting: SHB Fergus Stidston
|
0-0: Ball 1-0: Ball 2-0: Foul Ball, location: 2F 2-1: SINGLE (Line Drive, 8RS)
|
Batting: RHB Kamakakoa Kaponianani
|
0-0: Called Strike 0-1: Foul Ball, location: 2F 0-2: Ball 1-2: Ball Fergus Stidston steals 2nd base 2-2: Strikes out swinging
|
Bottom of the 11th over - 0 runs, 1 hit, 1 error, 1 left on base; Louisiana 5 - Mt. Vernon 5 |
TOP OF THE 12TH |
Louisiana Dragoons batting - Pitching for Mt. Vernon Bulls : RHP Rafael Santiago
|
Batting: RHB Toyoshige Ine
|
0-0: Ball 1-0: Ball 2-0: Called Strike 2-1: Fly out, F7 (Line Drive, 7)
|
Batting: SHB Francisco Enríquez
|
0-0: Fly out, F7 (Line Drive, 7)
|
Batting: LHB Javier Seco
|
0-0: Ball 1-0: Called Strike 1-1: Swinging Strike 1-2: Foul Ball, location: 2F 1-2: Strikes out swinging
|
Top of the 12th over - 0 runs, 0 hits, 0 errors, 0 left on base; Louisiana 5 - Mt. Vernon 5 |
BOTTOM OF THE 12TH |
Mt. Vernon Bulls batting - Pitching for Louisiana Dragoons : RHP Paul Garrison
|
Batting: LHB Iván Soto
|
0-0: Ball 1-0: Ball 2-0: Called Strike 2-1: Ground out 6-3 (Groundball, 6)
|
Batting: RHB Anastasio Deleón
|
0-0: Called Strike 0-1: Swinging Strike 0-2: Ball 1-2: Ball 2-2: Ball 3-2: Strikes out swinging
|
Batting: LHB Abraham Koen
|
0-0: Ball 1-0: Ball 2-0: Foul Ball, location: 2F 2-1: Ball 3-1: Base on Balls
|
Batting: RHB Doug Day
|
0-0: Ball 1-0: SINGLE (Flyball, 7S) Abraham Koen to second
|
Batting: SHB Dong-hua Jianbua
|
0-0: Called Strike 0-1: Ball 1-1: Ball 2-1: Foul Ball, location: 2F 2-2: Strikes out swinging
|
Bottom of the 12th over - 0 runs, 1 hit, 0 errors, 2 left on base; Louisiana 5 - Mt. Vernon 5 |
TOP OF THE 13TH |
Louisiana Dragoons batting - Pitching for Mt. Vernon Bulls : RHP Rafael Santiago
|
Pitching: RHP Johnny O'Quinn
|
|
Batting: LHB Walt Trombly
|
0-0: Ball 1-0: Ball 2-0: Called Strike 2-1: Swinging Strike 2-2: Strikes out looking
|
Batting: RHB Denny Moore
|
0-0: Ball 1-0: Called Strike 1-1: Ground out U3 (Groundball, 3S)
|
Batting: SHB Hong-bo Zhui
|
0-0: Ball 1-0: Swinging Strike 1-1: Ball 2-1: Swinging Strike 2-2: Foul Ball, location: 2F 2-2: Foul Ball, location: 2F 2-2: Foul Ball, location: 2F 2-2: Fly out, F6 (Popup, 6)
|
Top of the 13th over - 0 runs, 0 hits, 0 errors, 0 left on base; Louisiana 5 - Mt. Vernon 5 |
BOTTOM OF THE 13TH |
Mt. Vernon Bulls batting - Pitching for Louisiana Dragoons : RHP Paul Garrison
|
Batting: RHB Modesto González
|
0-0: Ball 1-0: Foul Ball, location: 2F 1-1: Foul Ball, location: 2F 1-2: Foul Ball, location: 2F 1-2: Foul Ball, location: 2F 1-2: Strikes out swinging
|
Batting: RHB Enrique Martínez
|
0-0: Ball 1-0: Fly out, F5 (Line Drive, 56)
|
Batting: SHB Fergus Stidston
|
0-0: Ball 1-0: Ball 2-0: Ground out 4-3 (Groundball, 4)
|
Bottom of the 13th over - 0 runs, 0 hits, 0 errors, 0 left on base; Louisiana 5 - Mt. Vernon 5 |
TOP OF THE 14TH |
Louisiana Dragoons batting - Pitching for Mt. Vernon Bulls : RHP Johnny O'Quinn
|
Batting: LHB Alec Hall
|
0-0: Foul Ball, location: 2F 0-1: Called Strike 0-2: Ball 1-2: Ball 2-2: Foul Ball, location: 2F 2-2: Ground out 4-3 (Groundball, 4)
|
Batting: SHB Brian Carr
|
0-0: Fly out, F6 (Popup, 6)
|
Batting: LHB Carlos Barrera
|
0-0: Ball 1-0: Ball 2-0: Ball 3-0: Called Strike 3-1: Base on Balls
|
Batting: RHB Toyoshige Ine
|
0-0: Called Strike 0-1: Ball 1-1: Ball 2-1: Ground out 4-3 (Groundball, 4M)
|
Top of the 14th over - 0 runs, 0 hits, 0 errors, 1 left on base; Louisiana 5 - Mt. Vernon 5 |
BOTTOM OF THE 14TH |
Mt. Vernon Bulls batting - Pitching for Louisiana Dragoons : RHP Paul Garrison
|
Batting: RHB Kamakakoa Kaponianani
|
0-0: Ball 1-0: Ball 2-0: Ground out U3 (Groundball, 34)
|
Batting: LHB Iván Soto
|
0-0: Called Strike 0-1: Ball 1-1: SINGLE (Line Drive, 7S)
|
Pitching: RHP Michael Curtis
|
|
Batting: RHB Anastasio Deleón
|
0-0: Foul Ball, location: 2F 0-1: Ball 1-1: Ball 2-1: Foul Ball, location: 2F 2-2: Ground out 5-3 (Groundball, 5) Iván Soto to second
|
Batting: LHB Abraham Koen
|
0-0: Ball 1-0: Called Strike 1-1: Ball 2-1: Foul Ball, location: 2F 2-2: SINGLE (Flyball, 8RS) Iván Soto to third Runner from 3rd tries for Home, SAFE, no throw
|
Friday, March 29th, 2019 - OOTP Baseball 18.8 Build 76
|
|